cohdb
Replays
Latest Replays
All Replays
Popular Replays
Top Player Replays
Match Explorer
How It Works
Community
CoH3 Stats
Reddit
Sign in to upload your games and track your stats! →
Sign in with Steam
Match 41697729
Unlisted
Match 41697729
Overview
Messages
Build Orders
End
Kettenkrad Recon Vehicle
Construct Infanterie Kompanie
Grenadier Squad
Grenadier Squad
GrW 34 Mortar Team
Grenadier Squad
Construct Luftwaffe Kompanie
Infanterie Officer Quarters
Flak 30 Anti-aircraft Gun Team
Jäger Squad
MG 42 Machine Gun Team
Support Elements
Grand.G
Winstons_Ball
0
0
Comments
sign in to comment!
No comments posted yet!